 Dungeon Crawl Stone Soup version 0.19-a0-27-g415f530 (webtiles) character file.

389 M4edhros the Martial Artist (level 6, -8/46 HPs)
             Began as a Vampire Monk on May 2, 2016.
             Killed from afar by a jackal (50 damage)
             ... with an exploding inner flame
             ... hexed by the player character
             ... on level 7 of the Dungeon.
             The game lasted 00:03:45 (819 turns).

M4edhros the Martial Artist (Vampire Monk)           Turns: 819, Time: 00:03:45

Health: -8/46      AC:  5    Str: 12    XL:     6   Next: 49%
Magic:  6/6        EV: 12    Int: 13    God:
Gold:   109        SH:  0    Dex: 16    Spells: 0 memorised, 5 levels left

rFire  . . .     SeeInvis +       - Unarmed
rCold  . . .     Gourm    .     d - +0 ring mail
rNeg   . . .     Faith    .     (no shield)
rPois  .         Spirit   .     (no helmet)
rElec  .         Dismiss  .     (no cloak)
rCorr  .         Reflect  .     (no gloves)
SustAt .         Harm     .     (no boots)
MR     .....                    (no amulet)
Stlth  ++........               (no ring)
                                (no ring)

@: regenerating very quickly, not resistant to hostile enchantments, unstealthy
A: fangs 3, see invisible, unbreathing
a: no special abilities


You were on level 7 of the Dungeon.
You were almost alive.

You visited 1 branch of the dungeon, and saw 7 of its levels.

You collected 109 gold pieces.

Inventory:

Hand Weapons
 h - a +1 mace of protection
Armour
 a - a +0 robe
 d - a +0 ring mail (worn)
Scrolls
 b - a scroll of teleportation {unknown}
 c - 2 scrolls of immolation
 e - a scroll of enchant armour {unknown}
 m - a scroll of identify {unknown}
Potions
 f - 3 potions of blood
 g - 2 potions of curing
 i - a potion of lignification
Books
 l - a book of Conjurations

   Spells                             Type                      Level
   a - Magic Dart                     Conjuration                  1
   b - Searing Ray                    Conjuration                  2
   c - Dazzling Spray                 Conjuration/Hexes            3
   d - Fulminant Prism                Conjuration/Hexes            4
   e - Iskenderun's Mystic Blast      Conjuration                  4
   f - Iskenderun's Battlesphere      Conjuration/Charms           5


   Skills:
 - Level 2.6 Fighting
 - Level 3.2 Dodging
 - Level 3.0 Stealth
 + Level 8.7 Unarmed Combat


You had 5 spell levels left.
You didn't know any spells.

Dungeon Overview and Level Annotations

Branches:
Dungeon (7/15)
 Temple: D:4-7

Altars:
Vehumet
Xom


Innate Abilities, Weirdness & Mutations

Your natural rate of healing is extremely fast.
You have razor-sharp teeth.
You have supernaturally acute eyesight.
You can survive without breathing.


Message History

Okay, then.
You hit the jackal.
The jackal is severely wounded.
The jackal closely misses you.
You closely miss the jackal.
The jackal is severely wounded.
The jackal bites you.
You completely miss the jackal.
The jackal is severely wounded.
The jackal bites you but does no damage.
You aren't carrying any items that you can evoke.
You closely miss the jackal. Your bite misses the jackal.
The jackal is severely wounded.
The jackal bites you but does no damage.
The jackal barely misses you.
You hit the jackal.
The jackal explodes!
The fiery explosion engulfs you!
Ouch! That really hurt!
You die...

. #.#........
#..###.........8
................ #.#
#........... #.#
#..(........ #.#
#.......... # #.#
#.........
...#.##.#####g#......#
#.........@§O##..#...
######...##### #O.. #
#...........## .....
#.(........... #..g
#...........## .g.
#..........## ..
.####......##### ..
......#.##.## #.
.###.._....## ..


You could see an ogre (inner flame) and a gnoll (inner flame).

Vanquished Creatures
  An ice beast (D:6)
  A crimson imp (D:5)
  A hound (D:7)
  An orc priest (D:5)
  4 orc wizards
  A worker ant (D:4)
  A hound skeleton (D:7)
  A worker ant zombie (D:7)
  2 oozes
  6 orcs
  A bat (D:1)
  2 giant cockroaches (D:3)
  4 hobgoblins
  3 jackals (D:7)
  A quokka (D:2)
  2 ball pythons (D:3)
  3 giant newts
  6 goblins
  2 kobolds
  3 rats
46 creatures vanquished.

Notes
Turn   | Place    | Note
--------------------------------------------------------------
     0 | D:1      | M4edhros the Vampire Monk began the quest for the Orb.
     0 | D:1      | Reached XP level 1. HP: 17/17 MP: 1/1
   104 | D:1      | Reached XP level 2. HP: 18/23 MP: 2/2
   137 | D:2      | Reached skill level 5 in Unarmed Combat
   352 | D:2      | Reached XP level 3. HP: 28/28 MP: 3/3
   528 | D:4      | Reached skill level 6 in Unarmed Combat
   545 | D:5      | Entered Level 5 of the Dungeon
   553 | D:5      | Reached XP level 4. HP: 16/34 MP: 4/4
   559 | D:5      | Found a radiant altar of Vehumet.
   578 | D:5      | Reached skill level 7 in Unarmed Combat
   578 | D:5      | Reached XP level 5. HP: 27/39 MP: 5/5
   639 | D:6      | Noticed an ice beast
   647 | D:6      | Killed an ice beast
   647 | D:6      | Reached skill level 8 in Unarmed Combat
   647 | D:6      | Reached XP level 6. HP: 46/46 MP: 6/6
   757 | D:7      | Found a shimmering altar of Xom.
   819 | D:7      | Killed from afar by a jackal

Vault maps used:
D:1:      minmay_arrival_cross, serial_co_window_serial, co_window_corner_a,
          co_window_paths_a, co_window_of_opportunity_a, co_window_paths_b,
          co_window_paths_a, co_window_corner_b, co_window_2corner,
          co_window_of_opportunity_b, co_window_unsneaky_path_e,
          co_window_paths_d, co_window_4corner_b, glass_columns_c,
          glass_columns_c, glass_columns_b, glass_columns_b
D:2:      nicolae_overflow_hidden_temple
D:3:      lemuel_doored_altar, tgw_trog, uniq_crazy_yiuf_cottage
D:5:      kennysheep_mini_moat, nicolae_overflow_crystal_walls,
          fedhas_altar_fruit_tree, first_bread
D:6:      kennysheep_little_box, grunt_temple_overflow_diamond,
          minmay_temple_entry_trees
D:7:      lemuel_crystal_altar, serial_shops, shop_statue

Skill      XL: |  1  2  3  4  5 |
---------------+----------------+-----
Unarmed Combat | 5 6 7 8 |  8.7
Fighting       | |  2.6
Dodging        | |  3.2
Stealth        | |  3.0

Action                   |  1- 3 |  4- 6 || total
-------------------------+-------+-------++-------
Melee: Unarmed           |    74 |    73 ||   147
       Punch             |     5 |     1 ||     6
       Bite              |     8 |     4 ||    12
  Use: Potion            |     9 |     6 ||    15
       Scroll            |       |     1 ||     1
 Stab: Sleeping          |     1 |       ||     1
Armor: Ring mail         |    25 |    17 ||    42
       Skin              |       |     1 ||     1
Dodge: Dodged            |    43 |    42 ||    85
